 Dungeon Crawl Stone Soup version 0.28-a0-1638-g9123634e07 (webtiles) character file.

Game seed: 10101637982892468265

9415 gruber the Blocker (level 11, 0/89 HPs)
             Began as a Gnoll Fighter on Jan 25, 2022.
             Was an Elder of Vehumet.
             Slain by a skeletal warrior (7 damage)
             ... on level 9 of the Dungeon on Jan 26, 2022.
             The game lasted 00:11:29 (8977 turns).

gruber the Blocker (Gnoll Fighter)                  Turns: 8977, Time: 00:11:29

Health: 0/89       AC: 11    Str: 20    XL:     11   Next: 46%
Magic:  18/20      EV: 13    Int: 13    God:    Vehumet [****..]
Gold:   506        SH:  6    Dex: 11    Spells: 16/22 levels left

rFire   + . .      SeeInvis .   n - +12 mace "Reusoefu" {drain, Str+5}
rCold   + . .      Faith    .   c - +0 buckler
rNeg    . . .      Spirit   .   M - +0 acid dragon scales
rPois   .          Reflect  .   E - +0 helmet
rElec   .          Harm     .   k - scarf {rC+ rF+}
rCorr   +          Rampage  .   (no gloves)
Will    +....                   p - +0 pair of boots
Stlth   +++.......              y - amulet of regeneration
HPRegen 1.04/turn               t - ring of willpower
MPRegen 0.17/turn               (no ring)

@: no status effects
A: fangs 1, strong nose, distributed training
a: Renounce Religion


You were on level 9 of the Dungeon.
You worshipped Vehumet.
Vehumet was greatly pleased with you.
You visited 2 branches of the dungeon, and saw 10 of its levels.

You collected 506 gold pieces.

Inventory:

Hand Weapons
 a - a +0 long sword
 l - the +7 mace of Odurisis {drain, rElec rC+ MP+9 Int+2}
   (You found it on level 2 of the Dungeon)

   A truly terrible weapon, it drains the life of any living foe it strikes.
   Int:       It affects your intelligence (+2).
   rC:        It protects you from cold.
   rElec:     It insulates you from electricity.
   MP:        It affects your magic capacity (+9).
 n - the +12 mace "Reusoefu" (weapon) {drain, Str+5}
   (You took it off an orc on level 3 of the Dungeon)

   A truly terrible weapon, it drains the life of any living foe it strikes.
   Str:       It affects your strength (+5).
Missiles
 h - 386 stones
 s - 34 poisoned darts (quivered)
 L - a throwing net
Armour
 b - a +0 troll leather armour
 c - a +0 buckler (worn)
 k - a scarf of resistance (worn)
 p - a +0 pair of boots (worn)
 E - a +0 helmet (worn)
 M - +0 acid dragon scales (worn)
Jewellery
 t - a ring of willpower (left hand)
 y - an amulet of regeneration (around neck)
Wands
 j - a wand of digging (8)
 u - a wand of iceblast (6)
 w - a wand of flame (3)
 z - a wand of paralysis (12)
 D - a wand of acid (14)
 G - a wand of charming (22)
 I - a wand of mindburst (3)
Scrolls
 e - 4 scrolls of teleportation {unknown}
 f - 3 scrolls of blinking {unknown}
 g - 4 scrolls of enchant weapon {unknown}
 i - 2 scrolls of fear {unknown}
 q - 3 scrolls of fog {unknown}
 v - 4 scrolls of identify {unknown}
 A - 2 scrolls of brand weapon {unknown}
 C - a scroll of immolation {unknown}
 J - a scroll of magic mapping {unknown}
Potions
 d - 3 potions of might
 m - 5 potions of curing {unknown}
 o - 3 potions of berserk rage {unknown}
 r - 2 potions of brilliance {unknown}
 x - a potion of degeneration {unknown}
 B - 2 potions of attraction {unknown}
 F - a potion of mutation {unknown}
 H - a potion of cancellation {unknown}
 K - a potion of haste {unknown}


   Skills:
 + Level 9.2 Fighting
 + Level 6.3 Short Blades
 + Level 7.9 Long Blades
 + Level 6.3 Axes
 + Level 6.3 Maces & Flails
 + Level 6.3 Polearms
 + Level 6.3 Staves
 + Level 6.3 Slings
 + Level 6.3 Bows
 + Level 6.3 Crossbows
 + Level 6.3 Throwing
 + Level 9.2 Armour
 + Level 6.3 Dodging
 + Level 6.3 Stealth
 + Level 9.2 Shields
 + Level 6.3 Unarmed Combat
 + Level 6.3 Spellcasting
 + Level 5.2 Conjurations
 + Level 5.2 Hexes
 + Level 5.2 Summonings
 + Level 5.2 Necromancy
 + Level 5.2 Translocations
 + Level 5.2 Transmutations
 + Level 5.2 Fire Magic
 + Level 5.2 Ice Magic
 + Level 5.2 Air Magic
 + Level 5.2 Earth Magic
 + Level 5.2 Poison Magic
 + Level 6.9 Invocations
 + Level 6.3 Evocations


You had 16 spell levels left.
You knew the following spells:

 Your Spells              Type           Power      Damage    Failure   Level
a - Sandblast             Erth           34%        2d9       1%          1
b - Blink                 Tloc           34%        N/A       4%          2
c - Frozen Ramparts       Ice            34%        1d5       2%          3

Your spell library contained the following spells:

 Spells                   Type           Power      Damage    Failure   Level
 Yara's Violent Unravell  Hex/Tmut       8%         3d5       21%         5
 Manifold Assault         Tloc           17%        N/A       61%         5
 Storm Form               Tmut/Air       8%         N/A       100%        7


Dungeon Overview and Level Annotations

Branches:
Dungeon (9/15)             Temple (0/1) D:5            Lair (1/6) D:8
    Orc: D:9-12

Altars:
Fedhas
Ru
Sif Muna
Vehumet
Wu Jian

Annotations:
D:5 2 transporters, incide's ghost, novice GnIE


Innate Abilities, Weirdness & Mutations

You have very sharp teeth.
Your uncanny sense of smell can sniff out nearby items.
Your experience applies equally to all skills.


Message History

You bite the skeletal warrior, but do no damage.
The skeletal warrior resists.
The wall freezes the skeletal warrior.
The skeletal warrior hits you with a +0 flail!
You hit the skeletal warrior but do no damage.
The skeletal warrior resists.
The wall freezes the skeletal warrior.
The skeletal warrior closely misses you.
The skeletal warrior resists.
The wall freezes the skeletal warrior.
The skeletal warrior hits you with a +0 flail!!
You are too injured to fight recklessly!
You are too injured to fight recklessly!
You are too injured to fight recklessly!
You closely miss the skeletal warrior.
The skeletal warrior is lightly damaged.
The skeletal warrior resists.
The wall freezes the skeletal warrior.
The skeletal warrior barely misses you.
You hit the skeletal warrior but do no damage.
The skeletal warrior is lightly damaged.
The skeletal warrior resists.
The wall freezes the skeletal warrior.
The skeletal warrior closely misses you.
You sock the skeletal warrior!
You bite the skeletal warrior, but do no damage.
The skeletal warrior is moderately damaged.
The skeletal warrior resists.
The wall freezes the skeletal warrior.
You block the skeletal warrior's attack.
You hit the skeletal warrior but do no damage.
Your bite misses the skeletal warrior.
The skeletal warrior is moderately damaged.
The skeletal warrior resists.
The wall freezes the skeletal warrior.
The skeletal warrior hits you with a +0 flail!!
* * * LOW HITPOINT WARNING * * *
You hit the skeletal warrior but do no damage.
The skeletal warrior is moderately damaged.
The frozen ramparts melt away.
The skeletal warrior hits you with a +0 flail!!
* * * LOW HITPOINT WARNING * * *
Unknown command.
You sock the skeletal warrior!
The skeletal warrior is heavily damaged.
The skeletal warrior hits you with a +0 flail!
You die...

.................
.................
#####.#####.......... ∆∆
∆#...#.#...#...<...... ∆∆ # ∆
#.#.#.#.#†#..)....... #.
#...#...#.#..........
###'.'####...#...#.#.)........
...z⌠....).#z#.#.#...#########
###'.'####.#.@.#...#..# ######
.c'#. #.#...#...#.......... [ #
#.#.#.#.#.#.......... ∆ #. ∆
#...#.#...#..........
#####.#########.#####.#........
#.........#.♣.......#.#........
#....#....#♣...♣....#.#........
..#..#...#..#♣..♣...♣♣#.#........
..#.........#..P.♣.♣..#..........


You could see a skeletal warrior.

Vanquished Creatures
  A hydra (D:9)
  Harold (D:8)
  2 two-headed ogres
  A centaur warrior (D:9)
  A deep elf pyromancer (D:9)
  A gargoyle (D:5)
  2 trolls
  Prince Ribbit (D:8)
  A hornet (D:8)
  A wraith (D:9)
  2 wyverns
  2 yaks (D:8)
  2 steam dragons (D:8)
  An acid dragon (D:8)
  A water moccasin (D:7)
  An orc warrior (D:8)
  3 black bears
  An ice beast (D:6)
  A sky beast (D:5)
  A necrophage (D:7)
  4 ogres (D:5)
  5 centaurs
  4 bullfrogs
  2 kobold brigands (D:9)
  A gnoll sergeant (D:8)
  5 scorpions
  A water moccasin skeleton (D:5)
  8 wights
  3 howler monkeys (D:8)
  A bullfrog zombie (D:5)
  A centaur zombie (D:9)
  4 hounds
  2 jellies
  A gnoll shaman (D:7)
  An orc priest (D:6)
  Crazy Yiuf (D:2)
  Jessica (D:2)
  2 iguanas
  8 orc wizards
  Ijyb (D:4)
  Natasha (thrice) (D:2)
  A hound zombie (D:5)
  4 howler monkey zombies
  14 gnolls
  9 adders
  A shadow imp (D:7)
  2 ufetubi
  4 worms
  3 dart slugs
  25 orcs
  3 bats
  8 endoplasms
  A giant cockroach (D:1)
  10 goblins
  8 hobgoblins
  10 jackals
  2 quokkas
  8 ball pythons
  7 frilled lizards
  5 kobolds
  8 rats
219 creatures vanquished.

Vanquished Creatures (others)
  7 fungi (D:8)
  11 plants
18 creatures vanquished.

Grand Total: 237 creatures vanquished

Notes
Turn   | Place    | Note
-------+----------+-------------------------------------------
     0 | D:1      | gruber the Gnoll Fighter began the quest for the Orb.
     0 | D:1      | Reached XP level 1. HP: 23/23 MP: 1/1
   363 | D:1      | Reached XP level 2. HP: 29/29 MP: 2/2
   714 | D:1      | Found a faded altar of an unknown god.
   869 | D:1      | Prayed at the altar of an unknown god.
   869 | D:1      | Became a worshipper of Vehumet
   869 | D:1      | Reached * piety under Vehumet
   869 | D:1      | Offered knowledge of Sandblast by Vehumet.
   933 | D:1      | Learned a level 1 spell: Sandblast
  1124 | D:2      | Reached XP level 3. HP: 35/35 MP: 3/3
  1191 | D:2      | Reached skill level 1 in Invocations
  1277 | D:2      | Noticed Natasha
  1295 | D:2      | Killed Natasha
  1296 | D:2      | Reached skill level 1 in Short Blades
  1296 | D:2      | Reached skill level 1 in Axes
  1296 | D:2      | Reached skill level 1 in Maces & Flails
  1296 | D:2      | Reached skill level 1 in Polearms
  1296 | D:2      | Reached skill level 1 in Staves
  1296 | D:2      | Reached skill level 1 in Slings
  1296 | D:2      | Reached skill level 1 in Bows
  1296 | D:2      | Reached skill level 1 in Crossbows
  1296 | D:2      | Reached skill level 1 in Throwing
  1296 | D:2      | Reached skill level 1 in Dodging
  1296 | D:2      | Reached skill level 1 in Stealth
  1296 | D:2      | Reached skill level 1 in Unarmed Combat
  1296 | D:2      | Reached skill level 1 in Spellcasting
  1296 | D:2      | Reached skill level 1 in Evocations
  1296 | D:2      | Reached XP level 4. HP: 27/41 MP: 5/5
  1438 | D:2      | Noticed Jessica
  1444 | D:2      | Killed Jessica
  1445 | D:2      | Reached skill level 1 in Conjurations
  1445 | D:2      | Reached skill level 1 in Hexes
  1445 | D:2      | Reached skill level 1 in Summonings
  1445 | D:2      | Reached skill level 1 in Necromancy
  1445 | D:2      | Reached skill level 1 in Translocations
  1445 | D:2      | Reached skill level 1 in Transmutations
  1445 | D:2      | Reached skill level 1 in Fire Magic
  1445 | D:2      | Reached skill level 1 in Ice Magic
  1445 | D:2      | Reached skill level 1 in Air Magic
  1445 | D:2      | Reached skill level 1 in Earth Magic
  1445 | D:2      | Reached skill level 1 in Poison Magic
  1787 | D:2      | Found a runed translucent door.
  1788 | D:2      | Noticed Crazy Yiuf
  1848 | D:2      | Identified the +7 mace of Odurisis {drain, rElec rC+ MP+9
                  | Int+2}
  2030 | D:2      | Noticed Natasha
  2035 | D:2      | Killed Natasha
  2036 | D:2      | Reached XP level 5. HP: 47/47 MP: 7/7
  2086 | D:2      | Killed Crazy Yiuf
  2128 | D:2      | Noticed Natasha
  2145 | D:2      | Killed Natasha
  2205 | D:3      | Found a shimmering blue altar of Sif Muna.
  2243 | D:3      | Identified the +12 mace "Reusoefu" {drain, Str+5}
  2264 | D:3      | Reached ** piety under Vehumet
  2264 | D:3      | Offered knowledge of Scorch by Vehumet.
  2710 | D:3      | Reached XP level 6. HP: 53/53 MP: 8/8
  2840 | D:3      | Found an ornate altar of the Wu Jian Council.
  3081 | D:3      | Reached skill level 5 in Long Blades
  3340 | D:4      | Noticed Ijyb
  3491 | D:4      | Killed Ijyb
  3703 | D:4      | Reached XP level 7. HP: 51/60 MP: 10/10
  3984 | D:4      | Learned a level 2 spell: Blink
  3996 | D:4      | Offered knowledge of Frozen Ramparts by Vehumet.
  4001 | D:4      | Learned a level 3 spell: Frozen Ramparts
  4100 | D:4      | Found a sacrificial altar of Ru.
  4213 | D:4      | Reached *** piety under Vehumet
  4252 | D:5      | Entered Level 5 of the Dungeon
  4335 | D:5      | Noticed a gargoyle
  4348 | D:5      | Killed a gargoyle
  4349 | D:5      | Reached XP level 8. HP: 37/67 MP: 10/12
  4548 | D:5      | Found a transporter.
  4548 | D:5      | Noticed incide's ghost (novice GnIE)
  4553 | D:5      | Found a transporter.
  4781 | D:5      | Found a staircase to the Ecumenical Temple.
  5553 | D:6      | Reached XP level 9. HP: 59/72 MP: 14/14
  6027 | D:6      | Offered knowledge of Ignite Poison by Vehumet.
  6605 | D:7      | Reached skill level 5 in Invocations
  6611 | D:7      | Reached **** piety under Vehumet
  7159 | D:8      | Noticed Prince Ribbit
  7173 | D:8      | Killed Prince Ribbit
  7173 | D:8      | Offered knowledge of Yara's Violent Unravelling by Vehumet.
  7174 | D:8      | Reached XP level 10. HP: 62/80 MP: 17/17
  7186 | D:8      | Reached skill level 5 in Short Blades
  7186 | D:8      | Reached skill level 5 in Axes
  7186 | D:8      | Reached skill level 5 in Maces & Flails
  7186 | D:8      | Reached skill level 5 in Polearms
  7186 | D:8      | Reached skill level 5 in Staves
  7186 | D:8      | Reached skill level 5 in Slings
  7186 | D:8      | Reached skill level 5 in Bows
  7186 | D:8      | Reached skill level 5 in Crossbows
  7186 | D:8      | Reached skill level 5 in Throwing
  7186 | D:8      | Reached skill level 5 in Dodging
  7186 | D:8      | Reached skill level 5 in Stealth
  7186 | D:8      | Reached skill level 5 in Unarmed Combat
  7186 | D:8      | Reached skill level 5 in Spellcasting
  7186 | D:8      | Reached skill level 5 in Evocations
  7221 | D:8      | Found a staircase to the Lair.
  7564 | D:8      | Noticed a two-headed ogre
  7571 | D:8      | Killed a two-headed ogre
  7644 | D:8      | Found a blossoming altar of Fedhas.
  7995 | D:9      | Noticed Harold
  8153 | D:8      | Killed Harold
  8210 | D:8      | Reached XP level 11. HP: 63/87 MP: 19/19
  8400 | D:9      | Noticed a centaur warrior
  8401 | D:9      | Noticed a deep elf pyromancer
  8417 | D:9      | Killed a deep elf pyromancer
  8418 | D:9      | Reached skill level 5 in Conjurations
  8418 | D:9      | Reached skill level 5 in Hexes
  8418 | D:9      | Reached skill level 5 in Summonings
  8418 | D:9      | Reached skill level 5 in Necromancy
  8418 | D:9      | Reached skill level 5 in Translocations
  8418 | D:9      | Reached skill level 5 in Transmutations
  8418 | D:9      | Reached skill level 5 in Fire Magic
  8418 | D:9      | Reached skill level 5 in Ice Magic
  8418 | D:9      | Reached skill level 5 in Air Magic
  8418 | D:9      | Reached skill level 5 in Earth Magic
  8418 | D:9      | Reached skill level 5 in Poison Magic
  8421 | D:9      | Killed a centaur warrior
  8446 | D:9      | Noticed a skeletal warrior
  8458 | D:9      | Noticed a green ugly thing
  8539 | Lair:1   | Entered Level 1 of the Lair of Beasts
  8539 | Lair:1   | Noticed an eight-headed hydra
  8604 | D:9      | Noticed a two-headed ogre
  8614 | D:9      | Killed a two-headed ogre
  8800 | D:9      | Noticed a five-headed hydra
  8815 | D:9      | Killed a five-headed hydra
  8975 | D:9      | HP: 4/89 [skeletal warrior (18)]
  8977 | D:9      | Slain by a skeletal warrior

Illustrated notes

Levels and vault maps discovered:
D:1:      evilmike_arrival_crescent, layout_loops_ring,
          chequers_ecumenical_altar_twisty
D:2:      layout_rooms, st_stairs_2, uniq_jessica, uniq_crazy_yiuf_cottage,
          uniq_natasha
D:3:      minmay_skewed_foursquare, layout_rooms, mainiacjoe_overflow_paths,
          mainiacjoe_overflow_alcove_1, minmay_pentangle
D:4:      minmay_spotlight, layout_loops_ring,
          nicolae_ru_great_annihilating_truth, uniq_ijyb
D:5:      layout_gridville, minmay_temple_entry_fiery, gammafunk_ghost_arena
D:6:      layout_basic
D:7:      layout_loops_ring
D:8:      kennysheep_steamy, layout_rooms, fedhas_altar_4,
          grunt_lair_entry_orc_guard_hut, uniq_prince_ribbit1
D:9:      layout_long_grid, enter_bailey_4, minmay_the_grid_2x2
          [minmay_the_grid_pillar_ring, minmay_the_grid_garden,
          minmay_the_grid_broken_lines, minmay_the_grid_prize_four_corners],
          uniq_harold
Lair:1:   layout_hall_layers, infiniplex_staircase_pool

Skill      XL: |  1  2  3  4  5  6  7  8  9 10 11 |
---------------+----------------------------------+-----
Invocations    | 1 2 3 4 5 6 |  6.9
Short Blades   | 1 2 3 4 5 6 |  6.3
Axes           | 1 2 3 4 5 6 |  6.3
Maces & Flails | 1 2 3 4 5 6 |  6.3
Polearms       | 1 2 3 4 5 6 |  6.3
Staves         | 1 2 3 4 5 6 |  6.3
Slings         | 1 2 3 4 5 6 |  6.3
Bows           | 1 2 3 4 5 6 |  6.3
Crossbows      | 1 2 3 4 5 6 |  6.3
Throwing       | 1 2 3 4 5 6 |  6.3
Dodging        | 1 2 3 4 5 6 |  6.3
Stealth        | 1 2 3 4 5 6 |  6.3
Unarmed Combat | 1 2 3 4 5 6 |  6.3
Spellcasting   | 1 2 3 4 5 6 |  6.3
Evocations     | 1 2 3 4 5 6 |  6.3
Conjurations   | 1 2 3 4 5 |  5.2
Hexes          | 1 2 3 4 5 |  5.2
Summonings     | 1 2 3 4 5 |  5.2
Necromancy     | 1 2 3 4 5 |  5.2
Translocations | 1 2 3 4 5 |  5.2
Transmutations | 1 2 3 4 5 |  5.2
Fire Magic     | 1 2 3 4 5 |  5.2
Ice Magic      | 1 2 3 4 5 |  5.2
Air Magic      | 1 2 3 4 5 |  5.2
Earth Magic    | 1 2 3 4 5 |  5.2
Poison Magic   | 1 2 3 4 5 |  5.2
Long Blades    | 5 6 7 |  7.9
Fighting       | 7 8 9 |  9.2
Armour         | 7 8 9 |  9.2
Shields        | 7 8 9 |  9.2

Action                   |  1- 3 |  4- 6 |  7- 9 | 10-12 || total
-------------------------+-------+-------+-------+-------++-------
Melee: Long sword        |    94 |    24 |       |       ||   118
       Bite              |     6 |    10 |    19 |    22 ||    57
       Mace              |       |    95 |   208 |   199 ||   502
Throw: Stone             |     1 |       |       |       ||     1
       Dart              |       |     1 |       |       ||     1
 Cast: Sandblast         |     1 |       |       |     4 ||     5
       Frozen Ramparts   |       |       |       |     2 ||     2
 Stab: Paralysed         |       |       |     1 |       ||     1
Armor: Scale mail        |    43 |    32 |    75 |    98 ||   248
       Acid dragon scale |       |       |       |    21 ||    21
Dodge: Dodged            |    40 |    55 |    97 |   159 ||   351
Block: Buckler           |    29 |    29 |    48 |    95 ||   201

Table legend: (Time is in decaauts)
 A = Elapsed time spent in this place.
 B = Non-inter-level travel time spent in this place.
 C = Inter-level travel time spent in this place.
 D = Time resting spent in this place.
 E = Time spent auto-exploring this place.
 F = Levels seen in this place.
 G = Mean time per level.
                   A        B        C        D        E       F      G
               +--------+--------+--------+--------+--------+-----+--------+
         Total |   9156 |   8634 |    522 |    156 |   6894 |  10 |  915.6 |
       Dungeon |   9152 |   8631 |    521 |    156 |   6894 |   9 | 1016.9 |
          Lair |      3 |      3 |      0 |      0 |      0 |   1 |    3.0 |
               +--------+--------+--------+--------+--------+-----+--------+

Top non-repeatable levels by time:
     D:5: 1290 daAuts
     D:3: 1191 daAuts
     D:2: 1144 daAuts
     D:1: 1090 daAuts
     D:8: 1017 daAuts
     D:6: 940 daAuts
     D:4: 905 daAuts
     D:9: 858 daAuts
     D:7: 714 daAuts
  Lair:1: 3 daAuts
